 Dungeon Crawl Stone Soup version 0.29-a0-25-g7f48f510a0 (webtiles) character file.

Game seed: 16115949920718238331

159 ddubois the Skirmisher (level 5, -2/32 (43) HPs)
             Began as a Palentonga Transmuter on Jan 31, 2022.
             Killed by divine providence
             ... invoked by an orc priest
              (16 damage)
             ... on level 6 of the Dungeon.
             The game lasted 00:06:23 (2651 turns).

ddubois the Skirmisher (Palentonga Transmuter)      Turns: 2651, Time: 00:06:24

HP:   -2/32 (43)    AC:  9    Str: 16    XL:     5   Next: 17%
MP:   8/8           EV:  8    Int: 13    God:
Gold: 122           SH:  0    Dex: 10    Spells: 7/8 levels left

rFire   . . .      SeeInvis +   q - +1 whip (drain)
rCold   . . .      Faith    .   (no shield)
rNeg    . . .      Spirit   .   e - +0 scale mail
rPois   .          Reflect  .   l - +0 helmet
rElec   .          Harm     .   m - +0 cloak
rCorr   .          Rampage  .   i - +0 pair of gloves
Will    .....                   (no barding)
Stlth   ..........              (no amulet)
HPRegen 0.10/turn               (no ring)
MPRegen 0.11/turn               (no ring)

@: confused, very heavily drained
A: large, rugged brown scales 3, see invisible, deformed body, roll 1, armoured
tail
a: Rolling Charge


You were on level 6 of the Dungeon.
You visited 1 branch of the dungeon, and saw 4 of its levels.

You collected 122 gold pieces.

Inventory:

Hand Weapons
 g - a +0 hunting sling
 q - a +1 whip of draining (weapon)
Missiles
 b - 21 stones
 h - 3 poisoned darts
 j - 13 bolts
Armour
 a - a +0 robe
 e - a +0 scale mail (worn)
 i - a +0 pair of gloves (worn)
 l - a +0 helmet (worn)
 m - a +0 cloak (worn)
Jewellery
 c - a ring of fire
Scrolls
 d - a scroll of torment {unknown}
 f - 2 scrolls of identify {unknown}
 k - 2 scrolls of amnesia {unknown}
Potions
 o - a potion of brilliance {unknown}
 p - a potion of heal wounds {unknown}


   Skills:
 + Level 3.2 Fighting
 * Level 2.0 Maces & Flails
 + Level 3.0 Dodging
 - Level 3.0 Unarmed Combat
 - Level 2.0 Spellcasting
 - Level 2.0 Transmutations


You had 7 spell levels left.
You knew the following spells:

 Your Spells              Type           Power      Damage    Failure   Level
a - Beastly Appendage     Tmut           12%        N/A       38%         1

Your spell library contained the following spells:

 Spells                   Type           Power      Damage    Failure   Level
 Wereblood                Tmut           6%         N/A       54%         2
 Magic Dart               Conj           4%         1d3       67%         1
 Shock                    Conj/Air       4%         1d3       67%         1
 Call Imp                 Summ           1%         N/A       82%         2
 Spider Form              Tmut/Pois      3%         N/A       88%         3
 Mephitic Cloud           Conj/Pois/Air  1%         N/A       96%         3
 Ice Form                 Ice/Tmut       3%         N/A       99%         4


Dungeon Overview and Level Annotations

Branches:
Dungeon (3/15)

Altars:

Annotations:
D:2 1 runed translucent door, Crazy Yiuf


Innate Abilities, Weirdness & Mutations

You are completely covered in rugged brown scales. (AC +3, +7% HP)
You have supernaturally acute eyesight. (SInv)
Armour fits poorly on your strangely shaped body.
You can roll at nearby foes to attack.
You have a long armoured tail.


Message History

The orc wizard gestures at you while chanting.
You resist with some effort.
Unknown command.
An orc comes into view. It is wielding a +0 hand axe.
The orc shouts!
An orc comes into view. It is wielding a +0 dagger.
The orc wizard mumbles some strange words.
The orc wizard flickers and vanishes for a moment.
An orc comes into view. It is wielding a +0 club.
The orc shouts!
The orc priest closely misses you.
The orc priest calls down the wrath of Beogh upon you.
Pain shoots through your body! The orc closely misses you.
Found an escape hatch in the floor.
The orc wizard casts a spell at you. The magic dart hits you!
The orc wizard points at you and mumbles some strange words.
You resist with some effort.
Found 26 stones.
The orc wizard points at you and mumbles some strange words.
You are confused.
The orc wizard gestures at you while chanting.
The puff of flame hits you.
The orc wizard gestures at you while chanting.
The magic dart hits you but does no damage.
You feel less confused.
The orc wizard gestures at you while chanting.
You resist with some effort.
The orc wizard gestures at you while chanting.
You are confused.
The orc wizard points at you and mumbles some strange words.
You are more confused.
The orc wizard casts a spell.
The orc wizard flickers and vanishes for a moment.
The orc wizard completely misses you.
The orc priest calls down the wrath of Beogh upon you.
Beogh smites you!
Ouch! That really hurt!
You die...

..... ..## .# .....#
#..##.####... ..
......##................
......#..............#.#
...........# .......##.#
..........# #..........
..........+ #.........
.......@..+ ##...o.....
#.........####.o..#...##
....#....o.##....##.o.o#
.....(....oooo...o.#....
..##.....##oooo.#.######
...#.######..##.# #
#.#### ####### # ##


You could see an orc priest, 2 orc wizards and 5 orcs.

Vanquished Creatures
  3 gnolls
  7 adders (D:2)
  10 ball pythons
  4 endoplasms
  A giant cockroach (D:1)
  4 goblins
  7 hobgoblins
  4 jackals (D:2)
  7 kobolds
  5 quokkas
  10 bats
  A frilled lizard (D:1)
  2 rats
65 creatures vanquished.

Vanquished Creatures (others)
  6 plants (D:1)
6 creatures vanquished.

Grand Total: 71 creatures vanquished

Notes
Turn   | Place    | Note
-------+----------+-------------------------------------------
     0 | D:1      | ddubois the Palentonga Transmuter began the quest for the
                  | Orb.
     0 | D:1      | Reached XP level 1. HP: 16/16 MP: 3/3
   139 | D:1      | Reached XP level 2. HP: 21/22 MP: 5/5
   719 | D:1      | Reached XP level 3. HP: 28/28 MP: 6/6
  1213 | D:2      | Reached XP level 4. HP: 36/36 MP: 7/7
  1499 | D:2      | Reached skill level 1 in Maces & Flails
  1899 | D:2      | Found a runed translucent door.
  1900 | D:2      | Noticed Crazy Yiuf
  2078 | D:3      | Found a faded altar of an unknown god.
  2088 | D:3      | Got Plato's Handbook of Combat Magic
  2112 | D:3      | Reached XP level 5. HP: 36/43 MP: 8/8
  2603 | D:3      | You fall into a shaft and drop 3 floors!
  2651 | D:6      | Killed from afar by an orc priest

Illustrated notes

Levels and vault maps discovered:
D:1:      lightli_arrival_lavapool, layout_basic, serial_bayou_pond_b
D:2:      layout_basic, minmay_misc_feat_enclosed, uniq_crazy_yiuf_cottage
D:3:      layout_basic, shapermc_ecumenical_altar_rom_forum,
          kennysheep_generic_room_13, uniq_natasha
D:6:      layout_cave_pools, mainiacjoe_overflow_24_doors,
          grunt_temple_overflow_open, minmay_temple_entry_trees,
          serial_gnoll_camp, gnoll_camp_mini_hut, gnoll_camp_medium_02,
          gnoll_camp_huts_basic, gnoll_camp_mini_hut, gnoll_camp_mini_hut,
          uniq_pikel

Skill      XL: |  1  2  3  4  5 |
---------------+----------------+-----
Dodging        | 2 3 |  3.0
Fighting       | 2 3 |  3.2
Maces & Flails | 1 2 |  2.0
Unarmed Combat | |  3.0
Spellcasting   | |  2.0
Transmutations | |  2.0

Action                   |  1- 3 |  4- 6 || total
-------------------------+-------+-------++-------
Melee: Unarmed           |   117 |       ||   117
       Tailslap          |    13 |     8 ||    21
       Whip              |     9 |    90 ||    99
       Punch             |       |     4 ||     4
 Abil: Rolling Charge    |    39 |    19 ||    58
  Use: Potion            |       |     1 ||     1
Armor: Robe              |    11 |       ||    11
       Scale mail        |    38 |    54 ||    92
Dodge: Dodged            |    43 |    51 ||    94

Table legend: (Time is in decaauts)
 A = Elapsed time spent in this place.
 B = Non-inter-level travel time spent in this place.
 C = Inter-level travel time spent in this place.
 D = Time resting spent in this place.
 E = Time spent auto-exploring this place.
 F = Levels seen in this place.
 G = Mean time per level.
                   A        B        C        D        E       F      G
               +--------+--------+--------+--------+--------+-----+--------+
         Total |   2652 |   2523 |    129 |    213 |   1787 |   4 |  663.0 |
       Dungeon |   2652 |   2523 |    129 |    213 |   1787 |   4 |  663.0 |
               +--------+--------+--------+--------+--------+-----+--------+

Top non-repeatable levels by time:
     D:2: 1312 daAuts
     D:1: 995 daAuts
     D:3: 296 daAuts
     D:6: 47 daAuts
